 Dungeon Sprint DCSS version 0.31.0-11-ge490571c62 (webtiles) character file.

Game seed: 13315851647060982635

4433 boopmooplesden the Protected (level 10, -3/96 HPs)
             Began as an Armataur Fighter on Jan 27, 2024.
             Was a Priest of Trog.
             Slain by a cane toad (6 damage)
             ... while petrified by a basilisk
             ... in the Dungeon (Sprint IX: "|||||||||||||||||||||||||||||").
             The game lasted 00:02:44 (715 turns).

boopmooplesden the Protected (Armataur Fighter)      Turns: 715, Time: 00:02:45

Health: -3/96      AC: 12    Str: 24    XL:     10   Next: 14%
Magic:  10/10      EV:  1    Int: 12    God:    Trog [***...]
Gold:   17         SH:  0    Dex: 11    Spells: 9/9 levels left

rFire   . . .        m - +2 scimitar (flame)
rCold   . . .        c - +0 buckler
rNeg    + + +        q - +1 scale mail
rPois   ∞            (no helmet)
rElec   .            (no cloak)
rCorr   .            n - +0 pair of gloves
SInv    .            (no barding)
Will    .....        (no amulet) Stlth
                     o - +2 ring of evasion
HPRegen 0.36/turn    p - +3 ring of intelligence
MPRegen 0.12/turn

%: no teleportation, roll
@: petrified, on berserk cooldown, slowed
A: large, deformed body, tough skin 3, armoured tail, roll 2
a: Renounce Religion, Berserk, Trog's Hand


You were in the Dungeon.
You worshipped Trog.
Trog was most pleased with you.
You visited 1 branch You collected 17 gold pieces.

Inventory:

Hand Weapons
 a - a +0 long sword
 m - a +2 scimitar of flaming (weapon)
Armour
 b - a +0 scale mail
 c - a +0 buckler (worn)
 d - a +0 chain mail
 n - a +0 pair of gloves (worn)
 q - a +1 scale mail (worn)
Jewellery
 o - a +2 ring of evasion (left hand)
 p - a +3 ring of intelligence (right hand)
Wands
 l - a wand of acid (10)
Scrolls
 j - 4 scrolls of blinking
 r - 5 scrolls of identify
Potions
 e - a potion of invisibility
 f - 8 potions of heal wounds
 g - a potion of haste
 h - 4 potions of magic
 i - 2 potions of resistance
 k - 5 potions of curing


   Skills:
 + Level 11.3 Fighting
 + Level 12.7 Long Blades
 + Level 12.9 Armour
 + Level 4.2 Dodging
 + Level 0.3 Stealth
 + Level 12.3 Shields


You had 9 spell levels left.
You didn't know any spells.
Your spell library was empty.

Dungeon Overview and Level Annotations

Branches:
Dungeon (1/1)

Altars:
Cheibriados
Dithmenos
Elyvilon
Fedhas
Gozag
Hepliaklqana
Kikubaaqudgha
Makhleb
Nemelex Xobeh
Okawaru
Qazlal
Ru
Sif Muna
Trog
Uskayaw
Vehumet
Wu Jian
Xom
Yredelemnul
Zin
The Shining One
Jiyva
Lugonu


Innate Abilities, Weirdness & Mutations

Armour fits poorly on your strangely shaped body.
You have extremely tough skin. (AC +3)
You have a long armoured tail.
You regenerate magic and health when rolling toward enemies. (Rampage Regen)


Message History

Your black bear is moving more slowly.
You are slowing down.
Your black bear bites the basilisk.
The basilisk dies!
Trog accepts your kill.
Your black bear bites the yak.
Your black bear claws the yak. x2
Your black bear bites the yak!
Your black bear claws the yak. x2
The yak gores your black bear!
Your black bear bites the yak.
Your black bear claws the yak.
Your black bear closely misses the yak.
The yak gores your black bear!
You have turned to stone.
Your black bear completely misses the yak.
Your black bear barely misses the yak.
Your black bear claws the yak.
The yak dies!
Trog accepts your kill.
Your black bear bites the cane toad.
Your black bear claws the cane toad.
Your black bear claws the cane toad but does no damage.
Your black bear barely misses the cane toad.
Your black bear closely misses the cane toad.
Your black bear completely misses the cane toad.
The cane toad stings your black bear!
Your black bear barely misses the cane toad.
Your black bear claws the cane toad but does no damage. x2
The cane toad stings your black bear!!
Your black bear bites the cane toad but does no damage.
Your black bear claws the cane toad. x2; The cane toad stings your black bear!
Your black bear dies!
Your black bear's corpse disappears in a puff of smoke!
The cane toad stings you!
* * * LOW HITPOINT WARNING * * *
The cane toad stings you!
* * * LOW HITPOINT WARNING * * *
The cane toad stings you!
* * * LOW HITPOINT WARNING * * *
The cane toad stings you!!
* * * LOW HITPOINT WARNING * * *
The hell rat twitches its whiskers.
The cane toad stings you.
* * * LOW HITPOINT WARNING * * *
The cane toad stings you!
You die...

▓▓▓▓▓▓▓▓▓▓▓▓▓▓▓▓▓▓▓▓▓▓▓▓▓▓▓▓▓▓▓▓▓
▓<...).....).....'_______________
▓▓▓▓▓▓▓▓▓▓▓▓▓▓▓▓▓▓▓▓▓▓▓▓▓▓▓▓▓▓▓▓▓
▓................................
▓.▓▓▓▓▓▓▓▓▓▓▓▓▓▓▓▓▓▓▓▓▓▓▓▓▓▓▓▓▓▓▓
▓.......'......|@FlkFr'...r.r
▓▓▓▓▓▓▓▓▓▓▓▓▓▓▓▓▓▓▓▓▓▓▓▓▓▓▓▓▓


You could see a komodo dragon, 2 cane toads, a wyvern and a hell rat.

Vanquished Creatures
  2 centaur warriors (D)
  2 boulder beetles (D)
  A manticore (D)
  A cane toad (D)
  A wraith (D)
  A wyvern (D)
  A basilisk (D)
  2 yaks (D)
  A black bear (D)
  An ogre (D)
  A laughing skull (D)
  A centaur (D)
  A scorpion (D)
  An orc wizard (D)
  A white imp (D)
  2 dart slugs (D)
  An orc (D)
  A bat (D)
  A kobold (D)
  A rat (D)
24 creatures vanquished.

Vanquished Creatures (collateral kills)
  A yak (D)
  A basilisk (D)
2 creatures vanquished.

Grand Total: 26 creatures vanquished

Notes
Turn   | Place    | Note
-------+----------+-------------------------------------------
     0 | D        | boopmooplesden the Armataur Fighter began the quest for the
                  | Orb.
     0 | D        | Reached XP level 1. HP: 18/18 MP: 1/1
    31 | D        | Noticed a scorpion
    31 | D        | Noticed a black bear
    31 | D        | Noticed an ogre
    35 | D        | Reached XP level 2. HP: 27/27 MP: 2/2
    38 | D        | Killed a scorpion
    39 | D        | Reached skill level 5 in Armour
    39 | D        | Reached skill level 5 in Shields
    39 | D        | Reached XP level 3. HP: 18/35 MP: 3/3
    39 | D        | Reached XP level 4. HP: 21/41 MP: 4/4
    44 | D        | Killed a black bear
    45 | D        | Reached skill level 5 in Fighting
    45 | D        | Reached XP level 5. HP: 20/50 MP: 5/5
    50 | D        | Killed an ogre
    51 | D        | Reached skill level 5 in Long Blades
    51 | D        | Reached skill level 1 in Dodging
    70 | D        | Found a snail-covered altar of Cheibriados.
    70 | D        | Found a shadowy altar of Dithmenos.
    70 | D        | Found a white marble altar of Elyvilon.
    70 | D        | Found a blossoming altar of Fedhas.
    70 | D        | Found an opulent altar of Gozag.
    71 | D        | Found a hazy altar of Hepliaklqana.
    72 | D        | Found a viscous altar of Jiyva.
    73 | D        | Found an ancient bone altar of Kikubaaqudgha.
    74 | D        | Found a corrupted altar of Lugonu.
    75 | D        | Found a burning altar of Makhleb.
    76 | D        | Found a sparkling altar of Nemelex Xobeh.
    77 | D        | Found an iron altar of Okawaru.
    78 | D        | Found a stormy altar of Qazlal.
    79 | D        | Found a sacrificial altar of Ru.
    80 | D        | Found a shimmering blue altar of Sif Muna.
    81 | D        | Found a bloodstained altar of Trog.
    82 | D        | Found a hide-covered altar of Uskayaw.
    83 | D        | Found a radiant altar of Vehumet.
    84 | D        | Found an ornate altar of the Wu Jian Council.
    85 | D        | Found a shimmering altar of Xom.
    86 | D        | Found a basalt altar of Yredelemnul.
    87 | D        | Found a glowing silver altar of Zin.
    88 | D        | Found a glowing golden altar of the Shining One.
    89 | D        | Became a worshipper of Trog the Wrathful
   154 | D        | Noticed a wraith
   154 | D        | Noticed a yak
   154 | D        | Noticed a centaur
   154 | D        | Noticed a wyvern
   154 | D        | Noticed a yak
   159 | D        | Killed a wraith
   160 | D        | Reached XP level 6. HP: 60/60 MP: 6/6
   164 | D        | Killed a yak
   165 | D        | Gained mutation: You regenerate magic and health when
                  | rolling toward enemies. (Rampage Regen) [Armataur growth]
   165 | D        | Reached XP level 7. HP: 67/67 MP: 7/7
   165 | D        | Reached * piety under Trog
   176 | D        | Killed a wyvern
   176 | D        | Reached ** piety under Trog
   177 | D        | Reached skill level 10 in Armour
   181 | D        | Killed a yak
   216 | D        | Noticed a centaur warrior
   216 | D        | Noticed a manticore
   216 | D        | Noticed a boulder beetle
   216 | D        | Noticed a boulder beetle
   216 | D        | Noticed a centaur warrior
   221 | D        | Killed a centaur warrior
   222 | D        | Reached skill level 10 in Shields
   222 | D        | Reached XP level 8. HP: 78/78 MP: 8/8
   224 | D        | Killed a manticore
   225 | D        | Reached skill level 10 in Long Blades
   232 | D        | Killed a centaur warrior
   232 | D        | Reached *** piety under Trog
   233 | D        | Reached skill level 10 in Fighting
   233 | D        | Reached XP level 9. HP: 85/85 MP: 9/9
   293 | D        | Killed a boulder beetle
   342 | D        | Killed a boulder beetle
   660 | D        | Noticed a cane toad
   661 | D        | Noticed a cane toad
   681 | D        | Noticed a komodo dragon
   692 | D        | Killed a cane toad
   692 | D        | Reached **** piety under Trog
   693 | D        | Reached XP level 10. HP: 48/96 MP: 10/10
   693 | D        | Noticed a cane toad
   713 | D        | HP: 4/96 [cane toad (9)]
   715 | D        | Slain by a cane toad

Illustrated notes

Levels and vault maps discovered:
D:        linesprint [early_d, line_temple, items_1, d_10, items_2, lair_1,
          lair_end, items_3, orc_1, orc_end, items_4, d_15, swamp_1, shoals_1,
          snake_1, spider_1, d_20, vaults_1, items_5, swamp_end, shoals_end,
          snake_end, spider_end, vaults_end, d_27, items_6, zot_1, zot_end,
          crypt_end, forest_end, elf_end, slime_end, tomb_end, abyss_end,
          pan_hell_end]

Skill      XL: |  1  2  3  4  5  6  7  8  9 |
---------------+----------------------------+-----
Fighting       | 3 4 5 7 9 10 11 | 11.3
Armour         | 4 5 7 9 10 11 12 | 12.9
Long Blades    | 2 3 4 6 9 11 12 | 12.7
Shields        | 4 5 6 8 10 11 12 | 12.3
Dodging        | 1 2 3 4 |  4.2
Stealth        | |  0.3

Action                     |  1- 3 |  4- 6 |  7- 9 | 10-12 || total
---------------------------+-------+-------+-------+-------++-------
  Melee: Long sword        |    27 |    11 |       |       ||    38
         Tailslap          |     2 |     3 |    22 |       ||    27
         Scimitar          |       |     9 |   112 |     1 ||   122
 Invoke: Berserk           |       |       |     3 |       ||     3
         Trog's Hand       |       |       |     1 |       ||     1
         Brothers in Arms  |       |       |       |     1 ||     1
    Use: Potion            |     1 |     2 |     1 |       ||     4
 Armour: Scale mail        |    14 |    12 |    80 |    13 ||   119
  Dodge: Dodged            |     7 |     9 |    34 |     2 ||    52
  Block: Buckler           |    10 |     7 |    29 |       ||    46
